 Dungeon Crawl Stone Soup version 0.31-a0-848-gaac375c287 (webtiles) character file.

Game seed: 14437314105713118078

81851 avis the Spry (level 15, -11/90 HPs)
             Began as a Felid Shapeshifter on Oct 3, 2023.
             Was an Initiate of Gozag.
             Mangled by a tentacled starspawn (18 damage)
             ... on level 3 of the Abyss on Oct 4, 2023.
             The game lasted 03:25:20 (27514 turns).

avis the Spry (Felid Shapeshifter)                 Turns: 27514, Time: 03:25:20

Health: -11/90     AC: 13    Str: 23    XL:     15   Next: 27%
Magic:  12/12      EV: 27    Int: 12    God:    Gozag
Gold:   5125       SH:  0    Dex: 27    Spells: 11/20 levels left
                                        Lives:  0   Deaths: 4

rFire   + .          .
                       - Unarmed
rCold   . . .        (shield unavailable)
rNeg    + + .        (body armour unavailable)
rPois   .            (helmet unavailable)
rElec   +            (cloak unavailable)
rCorr   .            (gloves unavailable)
SInv    +            (boots unavailable)
Will    ++...        H - amulet of regeneration
Stlth   ++           k - +6 ring of dexterity
HPRegen 1.15/turn    j - ring of Surprise {rElec rF+ rN++ MP-9 Str+6}
MPRegen 0.13/turn

%: no passive effects
@: snake-form, gold aura
A: constrict, boosted hp, large, (claws 1), (fangs 3), see invisible, (speed 1),
(shaggy fur 3), (stealthy paws), no weapons or thrown items, no armour,
multi-lived
a: Begin Untransformation, Renounce Religion, Potion Petition, Call Merchant,
Bribe Branch


You were on level 3 of the Abyss.
You worshipped Gozag.
Gozag was greatly pleased with you.
You were an enormous anaconda.
You visited 5 branches of the dungeon, and saw 20 of its levels.
You visited the Abyss 1 time.
You also visited: Ossuary.

You collected 6846 gold pieces.
You spent 1103 gold pieces at shops.
You paid 618 gold pieces to Gozag.

Inventory:

Jewellery
 d - a ring of magical power
 g - a +5 ring of evasion
 j - the ring of Surprise (right hand) {rElec rF+ rN++ MP-9 Str+6}
   (You found it on level 8 of the Dungeon)

   [ring of strength]

   Str+6:     It affects your strength (+6).
   rF+:       It protects you from fire.
   rElec:     It insulates you from electricity.
   rN++:      It greatly protects you from negative energy.
   MP-9:      It affects your magic capacity (-9).
 k - a +6 ring of dexterity (left hand)
 t - an amulet of guardian spirit
 D - a ring of fire
 H - an amulet of regeneration (around neck)
Talismans
 f - a flux talisman
 s - a serpent talisman (active)
Wands
 B - a wand of acid (16)
 J - a wand of paralysis (2)
 K - a wand of digging (5)
Scrolls
 c - 2 scrolls of revelation
 e - 3 scrolls of fog
 h - 6 scrolls of poison {unknown}
 i - 6 scrolls of enchant weapon {unknown}
 l - 7 scrolls of enchant armour {unknown}
 o - a scroll of noise
 u - 3 scrolls of torment {unknown}
 v - 2 scrolls of fear {unknown}
 y - 4 scrolls of immolation {unknown}
 z - a scroll of brand weapon {unknown}
 E - 5 scrolls of teleportation {unknown}
 F - a scroll of silence {unknown}
 I - a scroll of vulnerability {unknown}
Potions
 a - 4 potions of lignification
 n - 2 potions of curing
 p - 3 potions of enlightenment
 A - 2 potions of brilliance
 C - 4 potions of cancellation
Miscellaneous
 w - a lightning rod (1/4)
 G - a box of beasts (inert)
 L - a condenser vane (inert)


   Skills:
 - Level 14.0 Fighting
 - Level 18.0 Dodging
 - Level 10.0 Unarmed Combat
 * Level 3.4 Spellcasting
 - Level 5.0 Translocations
 + Level 4.4 Ice Magic
 - Level 16.0 Shapeshifting


You had 11 spell levels left.
You knew the following spells:

 Your Spells              Type           Power      Damage    Failure   Level
b - Blink                 Tloc           28%        N/A       4%          2
m - Manifold Assault      Tloc           14%        N/A       30%         4
o - Ozocubu's Armour      Ice            12%        N/A       11%         3

Your spell library contained the following spells:

 Spells                   Type           Power      Damage    Failure   Level
 Freeze                   Ice            48%        1d6       3%          1
 Frozen Ramparts          Ice            24%        1d4       11%         3
 Ensorcelled Hibernation  Hex/Ice        14%        N/A       14%         2
 Necrotise                Necr           8%         1d4       24%         1
 Sandblast                Erth           4%         2d4       24%         1
 Hailstorm                Conj/Ice       7%         3d4       28%         3
 Cigotuvi's Dreadful Rot  Necr/Pois/Air  4%         N/A       34%         2
 Passwall                 Tmut/Erth      1%         N/A       34%         2
 Scorch                   Fire           4%         2d5       34%         2
 Inner Flame              Hex/Fire       2%         N/A       56%         3
 Stone Arrow              Conj/Erth      4%         3d7       56%         3
 Summon Guardian Golem    Hex/Summ       2%         N/A       56%         3
 Vampiric Draining        Necr           2%         2d6       56%         3
 Summon Ice Beast         Ice/Summ       7%         N/A       67%         4
 Brom's Barrelling Bould  Conj/Erth      2%         2d3       93%         4
 Dispel Undead            Necr           2%         3d7       93%         4
 Flame Wave               Conj/Fire      2%         2d4       93%         4
 Agony                    Necr           2%         N/A       100%        5
 Summon Mana Viper        Hex/Summ       2%         N/A       100%        5
 Yara's Violent Unravell  Hex/Tmut       1%         3d3       100%        5
 Death Channel            Necr           1%         N/A       100%        6
 Summon Cactus Giant      Summ           1%         N/A       100%        6
 Enfeeble                 Hex            1%         N/A       100%        7
 Haunt                    Necr/Summ      1%         N/A       100%        7
 Monstrous Menagerie      Summ           1%         N/A       100%        7
 Ozocubu's Refrigeration  Ice            6%         4d8       100%        7
 Borgnjor's Revivificati  Necr           1%         N/A       100%        8
 Death's Door             Necr           1%         N/A       100%        9
 Polar Vortex             Ice            6%         N/A       100%        9
 Dimensional Bullseye     Hex/Tloc       Unusable   N/A       N/A         4
 Simulacrum               Ice/Necr       Unusable   N/A       N/A         6

Dungeon Overview and Level Annotations

Branches:
Dungeon (11/15)            Temple (1/1) D:7            Lair (5/5) D:9
 Shoals (1/4) Lair:2       Spider (0/4) Lair:3        Slime (0/5) Lair:5
    Orc (2/2) D:11            Elf (0/3) Orc:2       Ossuary (visited)

Altars:
Ashenzari
Cheibriados
Dithmenos
Elyvilon
Fedhas
Gozag
Hepliaklqana
Kikubaaqudgha
Makhleb
Nemelex Xobeh
Okawaru
Qazlal
Ru
Sif Muna
Trog
Uskayaw
Vehumet
Wu Jian
Xom
Yredelemnul
Zin
The Shining One
Jiyva

Shops:
D:8 :   D:10 =   D:11 [   Orc:2 [*:[:   Lair:1 :

Annotations:
D:11 1 runed translucent door, Pokonic1's ghost, journeyman DsIE


Innate Abilities, Weirdness & Mutations

You are an enormous anaconda.
You have a powerful constriction melee attack.
Your maximum health is increased.
((You have sharp claws.))
((You have razor-sharp teeth.))
You have supernaturally acute eyesight. (SInv)
((You cover ground quickly. (Speed+)))
((Your thick and shaggy fur keeps you warm. (AC +3, rC+)))
((Your paws help you pounce on unaware monsters.))
You are incapable of wielding weapons or throwing items.
You cannot wear armour.
You gain extra lives every three experience levels.


Message History

The neqoxec shouts!
The neqoxec closely misses you.
You closely miss the neqoxec. You grab the neqoxec. You constrict the neqoxec.
A tentacled starspawn comes into view.
The neqoxec barely misses you.
You crush the neqoxec!!!
You kill the neqoxec!
You see here 4 gold pieces.
Tentacles burst from the starspawn's body! 2 starspawn tentacles come into view.
You lash the tentacled starspawn!
The tentacled starspawn is lightly damaged.
You hit the tentacled starspawn.
The tentacled starspawn is moderately damaged.
The tentacled starspawn bites you!
The tentacled starspawn tentacle-slaps you but does no damage.
The starspawn tentacle closely misses you.
You lash the tentacled starspawn!
The tentacled starspawn is moderately damaged.
The tentacled starspawn bites you!!
The tentacled starspawn barely misses you.
The starspawn tentacle misses you.
You hit the tentacled starspawn but do no damage.
The tentacled starspawn is moderately damaged.
The tentacled starspawn bites you!!
* * * LOW HITPOINT WARNING * * *
The tentacled starspawn closely misses you.
The starspawn tentacle barely misses you.
You hit the tentacled starspawn but do no damage.
The tentacled starspawn is moderately damaged.
The tentacled starspawn misses you.
The tentacled starspawn tentacle-slaps you!
* * * LOW HITPOINT WARNING * * *
The starspawn tentacle completely misses you.
You lash the tentacled starspawn!
The tentacled starspawn is heavily damaged.
The tentacled starspawn bites you but does no damage.
The tentacled starspawn tentacle-slaps you!!
You die...
Your body crumbles into a pile of gold.

# .#.##..#. . #.
.# . ...#..#..
##.#.#.##.## .#.
. . # . .#.#..#
#. . #.# #.#.#..
#. . ...
#.#..... . . ..
#.####..
..#.#.#$####....
..#....S........
.#.##wX##..##..
.. #.│# .# ...w
.. ..... ..
.##..## . #.
#..# .# ....


You could see a tentacled starspawn and 2 starspawn tentacles.

Vanquished Creatures
  Gastronok (Lair:1)
  A stone giant (Orc:1)
  An orc warlord (Orc:2)
  A hydra (Lair:5)
  2 ogre magi (Orc:2)
  Erolcha (D:8)
  Harold (Lair:2)
  A merfolk avatar (Shoals:1)
  A catoblepas (Lair:4)
  A boulder beetle (D:11)
  12 two-headed ogres
  8 death yaks
  A deep troll shaman (Lair:5)
  Urug (Lair:4)
  Amaemon (Lair:1)
  A sun demon (Abyss:3)
  A sixfirhy (Abyss:3)
  4 skysharks
  A sea snake (Shoals:1)
  2 deep trolls (Orc:1)
  Pikel (D:5)
  2 deep elf zephyrmancers (Shoals:1)
  A harpy (Shoals:1)
  4 orc knights
  7 orc sorcerers
  A deep elf pyromancer (Shoals:1)
  2 cyclopes
  A manticore (Shoals:1)
  16 elephants
  Maurice (D:8)
  A water nymph (Shoals:1)
  Joseph (D:10)
  A gargoyle (D:10)
  An orange demon (Lair:1)
  8 black mambas
  11 cane toads
  3 rime drakes
  7 komodo dragons
  3 kobold demonologists (D:11)
  Psyche (D:10)
  2 burning bushes (Lair:3)
  A merfolk (Shoals:1)
  9 trolls
  A polar bear (Lair:1)
  5 dream sheep (Lair:4)
  23 blink frogs
  4 large abominations (Abyss:3)
  2 snapping turtles
  Sigmund (D:3)
  A vampire (Abyss:3)
  4 wyverns
  A water elemental (Shoals:1)
  A human (D:10)
  A wraith (Abyss:3)
  A basilisk (Lair:3)
  A neqoxec (Abyss:3)
  3 steam dragons
  60 yaks
  Eustachio (D:5)
  2 redbacks (Lair:3)
  6 wargs
  2 acid dragons
  12 water moccasins
  Duvessa (D:5)
  16 orc warriors
  2 ice beasts
  6 black bears
  2 sky beasts (D:6)
  21 ogres
  15 wolves
  3 centaurs
  Blork the orc (D:5)
  4 kobold brigands
  13 bullfrogs
  2 scorpions
  A gnoll sergeant (D:8)
  8 wights
  3 water moccasin zombies (Ossuary)
  Dowan (D:5)
  8 killer bees
  An electric eel (Lair:1)
  A howler monkey (D:10)
  4 hounds
  6 jellies
  19 orc priests
  2 sleepcaps (D:6)
  7 starcursed masses (Abyss:3)
  A gnoll bouda (D:6)
  4 iguanas
  19 orc wizards
  2 mummies (Ossuary)
  10 adders
  8 gnolls
  A shadow imp (D:4)
  3 white imps
  2 ufetubi
  3 adder zombies (Ossuary)
  3 dart slugs
  4 worms
  76 orcs
  2 bats
  15 endoplasms
  3 giant cockroaches
  3 gnoll zombies (Ossuary)
  7 hobgoblins
  A jackal (D:2)
  3 quokkas
  9 ball pythons
  2 frilled lizards
  6 goblins
  6 hobgoblin zombies (Ossuary)
  15 kobolds
  11 kobold zombies (Ossuary)
  3 orc zombies (Ossuary)
  2 rats
631 creatures vanquished.

Vanquished Creatures (others)
  An orc (Orc:2)
  2 kobolds (D:9)
3 creatures vanquished.

Grand Total: 634 creatures vanquished

Notes
Turn   | Place    | Note
-------+----------+-------------------------------------------
     0 | D:1      | avis the Felid Shapeshifter began the quest for the Orb.
     0 | D:1      | Reached XP level 1. HP: 9/9 MP: 2/2
   163 | D:1      | Reached XP level 2. HP: 13/13 MP: 3/3
   192 | D:1      | Reached skill level 3 in Dodging
  1127 | D:2      | Reached XP level 3. HP: 16/16 MP: 4/4
  1600 | D:2      | You fall into a shaft and drop 1 floor!
  1797 | D:2      | Reached XP level 4. HP: 21/21 MP: 5/5
  2257 | D:3      | Noticed Sigmund
  2266 | D:3      | Killed Sigmund
  2267 | D:3      | Reached skill level 6 in Dodging
  2267 | D:3      | Reached XP level 5. HP: 14/25 MP: 6/6
  2754 | D:3      | Gained mutation: You are covered in thick fur. (AC +2)
                  | [Felid growth]
  2754 | D:3      | Reached XP level 6. HP: 28/28 MP: 7/7
  3339 | D:4      | Found an iron altar of Okawaru.
  3398 | D:4      | Noticed a water moccasin
  3583 | D:4      | Reached skill level 5 in Fighting
  3971 | D:5      | Entered Level 5 of the Dungeon
  3971 | D:5      | Found a radiant altar of Vehumet.
  4013 | D:5      | Reached skill level 7 in Dodging
  4181 | D:5      | Splashed by a jelly's acid
  4340 | D:5      | Found a sand-covered staircase.
  4352 | Ossuary  | Entered an ossuary
  4383 | Ossuary  | Reached XP level 7. HP: 32/33 MP: 8/8
  4434 | Ossuary  | Reached skill level 8 in Dodging
  4638 | D:5      | Noticed Pikel
  4691 | D:5      | Noticed Duvessa
  4709 | D:5      | Reached skill level 9 in Dodging
  4728 | D:5      | Killed Pikel
  4729 | D:5      | Reached skill level 5 in Shapeshifting
  4729 | D:5      | Reached XP level 8. HP: 23/38 MP: 6/9
  4883 | D:5      | Noticed Dowan
  5244 | D:5      | Reached skill level 10 in Dodging
  5609 | D:6      | Noticed Eustachio
  5654 | D:5      | Reached skill level 11 in Dodging
  5793 | D:5      | Killed Eustachio
  6009 | D:6      | Reached skill level 12 in Dodging
  6103 | D:6      | Reached XP level 9. HP: 41/41 MP: 10/10
  6119 | D:6      | Noticed Blork the orc
  6154 | D:5      | Killed Blork the orc
  6239 | D:6      | Found a sacrificial altar of Ru.
  6600 | D:6      | HP: 1/40 [orc priest/divine providence (7)]
  7333 | D:7      | Found an opulent altar of Gozag.
  7340 | D:7      | Became a worshipper of Gozag Ym Sagoz the Greedy
  7382 | D:7      | Found a staircase to the Ecumenical Temple.
  7399 | Temple   | Entered the Ecumenical Temple
  8420 | D:5      | Killed Duvessa
  8425 | D:5      | Killed Dowan
  8426 | D:5      | Reached skill level 13 in Dodging
  8614 | D:8      | Noticed Maurice
  8622 | D:8      | Maurice stole a beast talisman
  8629 | D:8      | Killed Maurice
  8630 | D:8      | Reached skill level 14 in Dodging
  8721 | D:8      | Identified the ring of Surprise {rElec rF+ rN++ MP-9 Str+6}
  9011 | D:8      | Found a shimmering blue altar of Sif Muna.
  9023 | D:8      | Found Jydahip's Book Shop.
  9077 | D:8      | Reached XP level 10. HP: 39/47 MP: 11/11
  9174 | D:8      | Found a glowing silver altar of Zin.
  9200 | D:8      | Found a hide-covered altar of Uskayaw.
  9205 | D:8      | Found a shadowy altar of Dithmenos.
  9205 | D:8      | Found a bloodstained altar of Trog.
  9490 | D:9      | Found a staircase to the Lair.
  9607 | D:9      | Reached skill level 15 in Dodging
  9875 | D:9      | Noticed a two-headed ogre
 10090 | D:9      | Killed a two-headed ogre
 10404 | D:9      | Noticed Erolcha
 10594 | D:8      | Killed Erolcha
 10687 | D:9      | Reached skill level 16 in Dodging
 10716 | D:8      | Reached XP level 11. HP: 29/51 MP: 12/12
 11012 | Lair:1   | Entered Level 1 of the Lair of Beasts
 11047 | D:9      | Reached skill level 17 in Dodging
 11485 | Lair:1   | Noticed Gastronok
 11504 | Lair:1   | Killed Gastronok
 11505 | Lair:1   | Reached skill level 18 in Dodging
 11680 | Lair:1   | Noticed Amaemon
 11756 | Lair:1   | Reached skill level 10 in Shapeshifting
 11778 | Lair:1   | Slain by a yak
 12580 | Lair:1   | Gained mutation: Your thick and shaggy fur keeps you warm.
                  | (AC +3, rC+) [Felid growth]
 12580 | Lair:1   | Reached XP level 12. HP: 49/57 MP: 2/13
 12750 | Lair:1   | Killed Amaemon
 13002 | Lair:1   | Upgraded the game from 0.31-a0-845-g9abc20d24f to
                  | 0.31-a0-846-gb3bcc0d938
 13050 | Lair:1   | Reached skill level 5 in Unarmed Combat
 13353 | Lair:2   | Found a staircase to the Shoals.
 13624 | Lair:2   | Noticed Harold
 13639 | Lair:2   | Killed Harold
 13814 | Lair:2   | Found a glowing silver altar of Zin.
 15167 | Lair:3   | Reached skill level 10 in Fighting
 15243 | Lair:3   | Found a hole to the Spider Nest.
 16045 | Lair:1   | Bought the Folio of Star-crossed Space for 520 gold pieces
 16050 | Lair:1   | Learned a level 4 spell: Manifold Assault
 16218 | Lair:4   | Reached skill level 1 in Spellcasting
 16243 | Lair:4   | Reached XP level 13. HP: 37/61 MP: 9/15
 16476 | Lair:4   | Reached skill level 1 in Translocations
 16532 | Lair:4   | Found a burning altar of Makhleb.
 17818 | Lair:4   | Noticed Urug
 17824 | Lair:4   | Killed Urug
 17947 | Lair:3   | Reached skill level 15 in Shapeshifting
 18798 | Lair:5   | Entered Level 5 of the Lair of Beasts
 19864 | Lair:5   | Found a viscous altar of Jiyva.
 19864 | Lair:5   | Found a staircase to the Slime Pits.
 21325 | Lair:5   | Reached XP level 14. HP: 69/69 MP: 14/16
 22028 | Lair:1   | Bought the Dissertation on the Icicle for 312 gold pieces
 22032 | Lair:1   | Learned a level 3 spell: Ozocubu's Armour
 22067 | D:10     | Entered Level 10 of the Dungeon
 22153 | D:10     | Noticed Psyche
 22164 | D:10     | Killed Psyche
 22387 | D:10     | Found Ohupt's Jewellery Emporium.
 22458 | D:10     | Reached skill level 1 in Ice Magic
 22504 | D:10     | Noticed Joseph
 22515 | D:10     | Killed Joseph
 23236 | D:11     | Found a staircase to the Orcish Mines.
 23427 | D:11     | Found Tanogela's Antique Armour Boutique.
 23589 | D:11     | Found a runed translucent door.
 23589 | D:11     | Found a shimmering altar of Xom.
 23589 | D:11     | Noticed Pokonic1's ghost (journeyman DsIE)
 24015 | Orc:1    | Entered Level 1 of the Orcish Mines
 24118 | D:11     | Reached skill level 10 in Unarmed Combat
 24747 | Orc:1    | Upgraded the game from 0.31-a0-846-gb3bcc0d938 to
                  | 0.31-a0-848-gaac375c287
 24776 | Orc:2    | Entered Level 2 of the Orcish Mines
 24903 | Orc:2    | Found a staircase to the Elven Halls.
 24957 | Orc:2    | Noticed an orc warlord
 24985 | Orc:2    | Killed an orc warlord
 25652 | Orc:2    | Noticed a stone giant
 25743 | Orc:1    | HP: 1/84 [ogre/+0 giant club (13)]
 25750 | Orc:1    | Killed a stone giant
 25751 | Orc:1    | Reached XP level 15. HP: 41/74 MP: 19/19
 25857 | Orc:2    | Found Pisuoble's Book Shoppe.
 25859 | Orc:2    | Found Tith's Book Emporium.
 25866 | Orc:2    | Found Acrammaz's Assorted Antiques.
 25875 | Orc:2    | Found Lehoseg's Antique Armour Shoppe.
 25880 | Orc:2    | Bought a scroll labelled KOITEF LOGYTZ for 31 gold pieces
 26096 | Orc:2    | Found Fuhuheuwu's Armour Shop.
 26152 | Orc:2    | Bought an Inescapable Atlas for 240 gold pieces
 26155 | Orc:2    | Learned a level 2 spell: Blink
 26290 | Shoals:1 | Entered Level 1 of the Shoals
 26362 | Shoals:1 | Drowned by a drowned soul
 27170 | Abyss:3  | Cast into level 3 of the Abyss (a ghostly deep elf
                  | demonologist)
 27174 | Abyss:3  | Found a corrupted altar of Lugonu.
 27251 | Abyss:3  | Noticed a bone dragon
 27300 | Abyss:3  | Found a corrupted altar of Lugonu.
 27336 | Abyss:3  | Paralysed by accursed screaming for 1 turns
 27349 | Abyss:3  | Paralysed by accursed screaming for 1 turns
 27420 | Abyss:3  | HP: 4/90 [chaos spawn (3)]
 27425 | Abyss:3  | HP: 3/90 [ice dragon (11)]
 27430 | Abyss:3  | Noticed a tentacled starspawn
 27430 | Abyss:3  | Killed from afar by an ice dragon
 27440 | Abyss:3  | Reached skill level 5 in Translocations
 27505 | Abyss:3  | Noticed a tentacled starspawn
 27514 | Abyss:3  | Mangled by a tentacled starspawn

Illustrated notes

Levels and vault maps discovered:
D:1:      dpeg_arrival_chambers_temple_mockup, layout_basic,
          chequers_serial_rivers_marsh, amcnicky_mini_pool_small
D:2:      layout_basic, minmay_quadrilaterals
D:3:      layout_loops_ring, uniq_sigmund
D:4:      minmay_opposing_rooms, layout_basic, mainiacjoe_overflow_paths,
          reono_crystal_passage
D:5:      layout_basic, nicolae_vehumet_radiance, enter_ossuary_1,
          minmay_chambers_of_fives, uniq_duvessa, uniq_pikel
D:6:      layout_rooms, mainiacjoe_overflow_cross_hatched, nicolae_water_bricks,
          dk_rats_in_the_wall, uniq_eustachio, uniq_blork_the_orc
D:7:      layout_basic, grunt_gozag_statues, temple_fountains
D:8:      layout_basic, grunt_temple_overflow_open, serial_shops,
          nicolae_book_shop_shelving, uniq_maurice
D:9:      layout_rooms, dpeg_oklobed_lair, uniq_erolcha
D:10:     layout_roguey, serial_shops, nicolae_shop_waterfront,
          hangedman_abyss_or_decor_passed, uniq_psyche, uniq_joseph
D:11:     layout_long_grid, erik_orc_4, ebering_ghost_xom, serial_shops,
          nicolae_shop_rolling_square
Temple:   nicolae_temple_ecumenical_triangle
Lair:1:   layout_gridlike, chequers_serial_rivers_micro_d, uniq_amaemon,
          uniq_gastronok
Lair:2:   layout_chaotic_city, minmay_shoals_entry_hut, basic_altar, uniq_harold
Lair:3:   layout_small_grid, spider_nest_entry_webs, evilmike_ambush
          [evilmike_ambush_outer_corners, evilmike_ambush_inner_basic]
Lair:4:   layout_cave_pods, nicolae_volcano_entry_hallway, basic_altar,
          grunt_megastairs_1, infiniplex_staircase_pool, uniq_urug
Lair:5:   grunt_lair_end_beastmaster, layout_layer_cave,
          nicolae_slime_entry_slimehenge, st_stairs_9
Shoals:1: nicolae_shoals_deep_elves_summer_vacation, layout_shoals,
          nicolae_shoals_beach_cooler
Orc:1:    layout_caves
Orc:2:    st_orc_open, layout_diamond_mine, serial_shops, shop
Abyss:3:  base: Lair:4, guppyfry_abyss_exit_imp_island,
          due_evilmike_abyss_rune_seething_liches, evilmike_abyss_exit_2

Skill      XL: |  1  2  3  4  5  6  7  8  9 10 11 12 13 14 15 |
---------------+----------------------------------------------+-----
Fighting       | 2 3 4 5 6 7 8 9 10 12 13 14 | 14.0
Dodging        | 3 6 7 9 12 14 16 18 | 18.0
Shapeshifting  | 5 7 9 11 13 15 16 | 16.0
Unarmed Combat | 6 8 10 | 10.0
Spellcasting   | 1 2 3 |  3.4
Translocations | 2 4 5 |  5.0
Ice Magic      | 4 |  4.4

Action                     |  1- 3 |  4- 6 |  7- 9 | 10-12 | 13-15 || total
---------------------------+-------+-------+-------+-------+-------++-------
  Melee: Unarmed           |    87 |   133 |   407 |   673 |  1199 ||  2499
         Bite              |    12 |    17 |    70 |    65 |       ||   164
         Punch             |     1 |     4 |    14 |       |       ||    19
         Constrict         |       |       |       |    82 |   220 ||   302
   Cast: Ozocubu's Armour  |       |       |       |       |     5 ||     5
         Manifold Assault  |       |       |       |       |     2 ||     2
 Invoke: Call Merchant     |       |       |       |     1 |       ||     1
  Evoke: Wand              |       |     5 |    11 |    16 |    23 ||    55
         Lightning rod     |       |       |       |     2 |    11 ||    13
         Box of beasts     |       |       |       |       |     2 ||     2
         Condenser vane    |       |       |       |       |     1 ||     1
    Use: Scroll            |       |       |     8 |     2 |     7 ||    17
         Potion            |       |       |     1 |    11 |     8 ||    20
   Stab: Sleeping          |     2 |     6 |     1 |     4 |     2 ||    15
         Distracted        |       |       |       |     4 |     6 ||    10
 Armour: Skin              |    22 |    23 |    66 |   207 |   507 ||   825
  Dodge: Dodged            |    52 |    82 |   348 |   692 |  1691 ||  2865
   Form: Flux              |       |       |     1 |       |       ||     1
         Anaconda          |       |       |       |     1 |       ||     1

Table legend: (Time is in decaauts)
 A = Elapsed time spent in this place.
 B = Non-inter-level travel time spent in this place.
 C = Inter-level travel time spent in this place.
 D = Time resting spent in this place.
 E = Time spent auto-exploring this place.
 F = Levels seen in this place.
 G = Mean time per level.
                   A        B        C        D        E       F      G
               +--------+--------+--------+--------+--------+-----+--------+
         Total |  25872 |  23974 |   1898 |   6344 |   8214 |  22 | 1176.0 |
       Dungeon |  11869 |  10654 |   1215 |   2364 |   4798 |  11 | 1079.0 |
        Temple |      5 |      5 |      0 |      0 |      0 |   1 |    5.0 |
          Lair |  10956 |  10373 |    583 |   3556 |   2945 |   5 | 2191.2 |
        Shoals |    572 |    572 |      0 |     17 |      0 |   1 |  572.0 |
  Orcish Mines |   1902 |   1802 |    100 |    352 |    471 |   2 |  951.0 |
         Abyss |    326 |    326 |      0 |      0 |      0 |   1 |  326.0 |
       Ossuary |    238 |    238 |      0 |     55 |      0 |   1 |  238.0 |
               +--------+--------+--------+--------+--------+-----+--------+

Top non-repeatable levels by time:
  Lair:4: 3248 daAuts
  Lair:1: 2135 daAuts
  Lair:3: 2074 daAuts
  Lair:5: 1882 daAuts
  Lair:2: 1616 daAuts
     D:5: 1527 daAuts
     D:8: 1308 daAuts
     D:9: 1299 daAuts
   Orc:1: 1278 daAuts
     D:6: 1098 daAuts
    D:11: 1097 daAuts
    D:10: 1083 daAuts
     D:7: 946 daAuts
     D:1: 914 daAuts
     D:2: 907 daAuts
